| TOP OF THE 1ST |
|
Burlington Royals batting - Pitching for Pulaski Yankees : RHP Alex Roman
|
|
Pitching: RHP Alex Roman
|
|
|
Batting: RHB David Rubio
|
0-0: Called Strike 0-1: Ball 1-1: Foul Ball, location: 2F 1-2: Foul Ball, location: 2F 1-2: Fly out, F3 (Popup, 3SF, EV 67.5 MPH)
|
|
Batting: RHB Tim Williams
|
0-0: Swinging Strike 0-1: Ground out 5-3 (Groundball, 56, EV 85.0 MPH)
|
|
Batting: RHB Hugo Chavez
|
0-0: Called Strike 0-1: Called Strike 0-2: Ball 1-2: SOLO HOME RUN (Flyball, 78XD, EV 112.5 MPH), Distance : 411 ft
|
|
Batting: SHB Alex Cavazos
|
0-0: Fly out, F9 (Flyball, 9, EV 96.9 MPH)
|
| Top of the 1st over - 1 run, 1 hit, 0 errors, 0 left on base; Burlington 1 - Pulaski 0 |
| BOTTOM OF THE 1ST |
|
Pulaski Yankees batting - Pitching for Burlington Royals : LHP Brett Reed
|
|
Pitching: LHP Brett Reed
|
|
|
Batting: LHB Carlos Palau
|
0-0: Swinging Strike 0-1: Ball 1-1: Foul Ball, location: 2F 1-2: Strikes out swinging
|
|
Batting: LHB Justin Short
|
0-0: Ball 1-0: Fly out, F8 (Flyball, 78S, EV 90.0 MPH)
|
|
Batting: RHB Yasuoka Tsuda
|
0-0: Ball 1-0: Ball 2-0: Ball 3-0: Base on Balls
|
|
Batting: LHB Chris Viehman
|
0-0: Called Strike 0-1: Ball Wild Pitch! Yasuoka Tsuda to second 1-1: Foul Ball, location: 2F 1-2: Strikes out swinging
|
| Bottom of the 1st over - 0 runs, 0 hits, 0 errors, 1 left on base; Burlington 1 - Pulaski 0 |
| TOP OF THE 2ND |
|
Burlington Royals batting - Pitching for Pulaski Yankees : RHP Alex Roman
|
|
Batting: LHB Jayden Pelayo
|
0-0: Swinging Strike 0-1: Ball 1-1: Called Strike 1-2: Strikes out looking
|
|
Batting: RHB Masakuni Takeuchi
|
0-0: Foul Ball, location: 2F 0-1: Ball 1-1: Called Strike 1-2: Foul Ball, location: 2F 1-2: Strikes out swinging
|
|
Batting: RHB Jason Conner
|
0-0: Foul Ball, location: 2F 0-1: Reached on error, E5 (Groundball, 56, EV 86.2 MPH)
|
|
Batting: RHB Dermott Ayliffe
|
0-0: Fly out, F9 (Line Drive, 9S, EV 90.6 MPH)
|
| Top of the 2nd over - 0 runs, 0 hits, 1 error, 1 left on base; Burlington 1 - Pulaski 0 |
| BOTTOM OF THE 2ND |
|
Pulaski Yankees batting - Pitching for Burlington Royals : LHP Brett Reed
|
|
Batting: SHB Dylan Best
|
0-0: Swinging Strike 0-1: Ball 1-1: Ball 2-1: Swinging Strike 2-2: Strikes out swinging
|
|
Batting: LHB Troy Jones
|
0-0: Called Strike 0-1: Fly out, F9 (Flyball, 9S, EV 71.2 MPH)
|
|
Batting: RHB Victor Garcia
|
0-0: Foul Ball, location: 2F 0-1: Called Strike 0-2: Ground out 6-3 (Groundball, 6, EV 105.6 MPH)
|
| Bottom of the 2nd over - 0 runs, 0 hits, 0 errors, 0 left on base; Burlington 1 - Pulaski 0 |
| TOP OF THE 3RD |
|
Burlington Royals batting - Pitching for Pulaski Yankees : RHP Alex Roman
|
|
Batting: SHB Glenn Harrison
|
0-0: Ball 1-0: Foul Ball, location: 2F 1-1: Swinging Strike 1-2: Ball 2-2: Ball 3-2: Strikes out swinging
|
|
Batting: RHB David Rubio
|
0-0: Ball 1-0: DOUBLE (Flyball, 7LD, EV 86.9 MPH)
|
|
Batting: RHB Tim Williams
|
0-0: Swinging Strike 0-1: Ground out 6-3 (Groundball, 6D, EV 100.0 MPH)
|
|
Batting: RHB Hugo Chavez
|
0-0: Called Strike 0-1: Called Strike 0-2: Ball 1-2: Fly out, F9 (Flyball, 9, EV 83.8 MPH)
|
| Top of the 3rd over - 0 runs, 1 hit, 0 errors, 1 left on base; Burlington 1 - Pulaski 0 |
| BOTTOM OF THE 3RD |
|
Pulaski Yankees batting - Pitching for Burlington Royals : LHP Brett Reed
|
|
Batting: RHB Tchaa Kombate
|
0-0: Foul Ball, location: 2F 0-1: Swinging Strike 0-2: Foul Ball, location: 2F 0-2: Strikes out swinging
|
|
Batting: RHB Mustafa bin Gamali
|
0-0: Called Strike 0-1: Ball 1-1: Ball 2-1: Ball 3-1: Called Strike 3-2: Strikes out swinging
|
|
Batting: LHB Carlos Palau
|
0-0: Ball 1-0: Ball 2-0: Ball 3-0: Called Strike 3-1: Base on Balls
|
|
Batting: LHB Justin Short
|
0-0: Ball 1-0: Ball Carlos Palau is caught stealing 2nd base 2-6
|
| Bottom of the 3rd over - 0 runs, 0 hits, 0 errors, 0 left on base; Burlington 1 - Pulaski 0 |
| TOP OF THE 4TH |
|
Burlington Royals batting - Pitching for Pulaski Yankees : RHP Alex Roman
|
|
Batting: SHB Alex Cavazos
|
0-0: Called Strike 0-1: Called Strike 0-2: SINGLE (Line Drive, 56D, EV 98.8 MPH)
|
|
Batting: LHB Jayden Pelayo
|
0-0: Foul Ball, location: 2F 0-1: Ball 1-1: Ball 2-1: Fly out, F7 (Flyball, 7S, EV 83.8 MPH)
|
|
Batting: RHB Masakuni Takeuchi
|
0-0: Called Strike 0-1: Foul Ball, location: 2F 0-2: Strikes out swinging
|
|
Batting: RHB Jason Conner
|
0-0: Ball 1-0: Fielders Choice at 2nd, U4 (Groundball, 4M, EV 84.4 MPH)
|
| Top of the 4th over - 0 runs, 1 hit, 0 errors, 1 left on base; Burlington 1 - Pulaski 0 |
| BOTTOM OF THE 4TH |
|
Pulaski Yankees batting - Pitching for Burlington Royals : LHP Brett Reed
|
|
Batting: LHB Justin Short
|
0-0: Called Strike 0-1: Called Strike 0-2: Foul Ball, location: 2F 0-2: Ball 1-2: Fly out, F7 (Flyball, 7, EV 90.0 MPH)
|
|
Batting: RHB Yasuoka Tsuda
|
0-0: Called Strike 0-1: Foul Ball, location: 2F 0-2: Strikes out swinging
|
|
Batting: LHB Chris Viehman
|
0-0: Ball 1-0: Called Strike 1-1: Foul Ball, location: 2F 1-2: Foul Ball, location: 2F 1-2: SINGLE (Groundball, 56D, EV 102.5 MPH)
|
|
Pitching: RHP Jerry Yusko
|
|
|
Batting: SHB Dylan Best
|
0-0: Ball 1-0: Foul Ball, location: 2F 1-1: Swinging Strike 1-2: Foul Ball, location: 2F 1-2: Ball 2-2: Foul Ball, location: 2F 2-2: Fielders Choice at 2nd, 6-4 (Groundball, 6, EV 83.8 MPH)
|
| Bottom of the 4th over - 0 runs, 1 hit, 0 errors, 1 left on base; Burlington 1 - Pulaski 0 |
| TOP OF THE 5TH |
|
Burlington Royals batting - Pitching for Pulaski Yankees : RHP Alex Roman
|
|
Batting: RHB Dermott Ayliffe
|
0-0: SINGLE (Line Drive, 34, EV 101.9 MPH)
|
|
Batting: SHB Glenn Harrison
|
0-0: Fly out, F7 (Flyball, 7, EV 86.9 MPH)
|
|
Batting: RHB David Rubio
|
0-0: Ball 1-0: SINGLE (Groundball, 3, EV 108.1 MPH) (infield hit) Dermott Ayliffe to second
|
|
Batting: RHB Tim Williams
|
0-0: Foul Ball, location: 2F 0-1: Ball 1-1: Foul Ball, location: 2F 1-2: Ball 2-2: Ball 3-2: Fly out, F9 (Flyball, 89M, EV 88.1 MPH)
|
|
Batting: RHB Hugo Chavez
|
0-0: Foul Ball, location: 2F 0-1: Called Strike 0-2: Ball Wild Pitch! Dermott Ayliffe to third David Rubio to second 1-2: Foul Ball, location: 2F 1-2: Ball 2-2: DOUBLE (Groundball, 5L, EV 101.2 MPH) Dermott Ayliffe scores David Rubio scores
|
|
Batting: SHB Alex Cavazos
|
0-0: Ball 1-0: Ball 2-0: Called Strike 2-1: Called Strike 2-2: Ball 3-2: Strikes out swinging
|
| Top of the 5th over - 2 runs, 3 hits, 0 errors, 1 left on base; Burlington 3 - Pulaski 0 |
| BOTTOM OF THE 5TH |
|
Pulaski Yankees batting - Pitching for Burlington Royals : RHP Jerry Yusko
|
|
Batting: LHB Troy Jones
|
0-0: Ground out 4-3 (Groundball, 4M, EV 98.1 MPH)
|
|
Batting: RHB Victor Garcia
|
0-0: Called Strike 0-1: Swinging Strike 0-2: Ball 1-2: Strikes out looking
|
|
Batting: RHB Tchaa Kombate
|
0-0: Ball 1-0: Ball 2-0: Foul Ball, location: 2F 2-1: Called Strike 2-2: Foul Ball, location: 2F 2-2: Foul Ball, location: 2F 2-2: Strikes out swinging
|
| Bottom of the 5th over - 0 runs, 0 hits, 0 errors, 0 left on base; Burlington 3 - Pulaski 0 |
| TOP OF THE 6TH |
|
Burlington Royals batting - Pitching for Pulaski Yankees : RHP Alex Roman
|
|
Pitching: RHP Jon Campbell
|
|
|
Batting: LHB Jayden Pelayo
|
0-0: Called Strike 0-1: Swinging Strike 0-2: Ball 1-2: Strikes out swinging
|
|
Batting: RHB Masakuni Takeuchi
|
0-0: Ball 1-0: Called Strike 1-1: Ball 2-1: Foul Ball, location: 2F 2-2: Strikes out swinging
|
|
Batting: RHB Jason Conner
|
0-0: Called Strike 0-1: Ground out 5-3 (Groundball, 56, EV 108.1 MPH)
|
| Top of the 6th over - 0 runs, 0 hits, 0 errors, 0 left on base; Burlington 3 - Pulaski 0 |
| BOTTOM OF THE 6TH |
|
Pulaski Yankees batting - Pitching for Burlington Royals : RHP Jerry Yusko
|
|
Batting: RHB Mustafa bin Gamali
|
0-0: Called Strike 0-1: Ball 1-1: Ball 2-1: Foul Ball, location: 2F 2-2: Ball 3-2: Strikes out looking
|
|
Batting: LHB Carlos Palau
|
0-0: Called Strike 0-1: Called Strike 0-2: Ball 1-2: Foul Ball, location: 2F 1-2: Foul Ball, location: 2F 1-2: Strikes out swinging
|
|
Batting: LHB Justin Short
|
0-0: Ball 1-0: Called Strike 1-1: Foul Ball, location: 2F 1-2: Ground out 3-1 (Groundball, 34, EV 88.1 MPH)
|
| Bottom of the 6th over - 0 runs, 0 hits, 0 errors, 0 left on base; Burlington 3 - Pulaski 0 |
| TOP OF THE 7TH |
|
Burlington Royals batting - Pitching for Pulaski Yankees : RHP Jon Campbell
|
|
Batting: RHB Dermott Ayliffe
|
0-0: Ground out 1-3 (Groundball, 34S, EV 65.0 MPH)
|
|
Batting: SHB Glenn Harrison
|
0-0: Ball 1-0: Ball 2-0: Called Strike 2-1: Fly out, F6 (Line Drive, 6, EV 73.1 MPH)
|
|
Batting: RHB David Rubio
|
0-0: Ground out 1-3 (Groundball, 13S, EV 74.4 MPH)
|
| Top of the 7th over - 0 runs, 0 hits, 0 errors, 0 left on base; Burlington 3 - Pulaski 0 |
| BOTTOM OF THE 7TH |
|
Pulaski Yankees batting - Pitching for Burlington Royals : RHP Jerry Yusko
|
|
Pitching: LHP Ken Milhouse
|
|
|
Batting: RHB Yasuoka Tsuda
|
0-0: Fly out, F9 (Line Drive, 9LM, EV 97.5 MPH)
|
|
Batting: LHB Chris Viehman
|
0-0: Called Strike 0-1: Swinging Strike 0-2: Foul Ball, location: 2F 0-2: Ball 1-2: Ground out 5-3 (Groundball, 5, EV 90.6 MPH)
|
|
Batting: SHB Dylan Best
|
0-0: Swinging Strike 0-1: Swinging Strike 0-2: Ball 1-2: Strikes out looking
|
| Bottom of the 7th over - 0 runs, 0 hits, 0 errors, 0 left on base; Burlington 3 - Pulaski 0 |
| TOP OF THE 8TH |
|
Burlington Royals batting - Pitching for Pulaski Yankees : RHP Jon Campbell
|
|
Batting: RHB Tim Williams
|
0-0: Ball 1-0: Ball 2-0: Ball 3-0: Called Strike 3-1: Called Strike 3-2: Strikes out swinging
|
|
Batting: RHB Hugo Chavez
|
0-0: SOLO HOME RUN (Line Drive, 8RXD, EV 118.1 MPH), Distance : 476 ft
|
|
Batting: SHB Alex Cavazos
|
0-0: Ball 1-0: Called Strike 1-1: Ball 2-1: Foul Ball, location: 2F 2-2: Strikes out swinging
|
|
Pitching: RHP Chris Bryant
|
|
|
Batting: LHB Jayden Pelayo
|
0-0: Ball 1-0: Called Strike 1-1: Fly out, F8 (Line Drive, 8RM, EV 93.1 MPH)
|
| Top of the 8th over - 1 run, 1 hit, 0 errors, 0 left on base; Burlington 4 - Pulaski 0 |
| BOTTOM OF THE 8TH |
|
Pulaski Yankees batting - Pitching for Burlington Royals : LHP Ken Milhouse
|
|
Batting: LHB Troy Jones
|
0-0: Foul Ball, location: 2F 0-1: Foul Ball, location: 2F 0-2: Strikes out swinging, 2-3 out at first.
|
|
Batting: RHB Victor Garcia
|
0-0: Ball 1-0: Foul Ball, location: 2F 1-1: Ball 2-1: Ball 3-1: Base on Balls
|
|
Batting: RHB Tchaa Kombate
|
0-0: Called Strike 0-1: Ball 1-1: SINGLE (Line Drive, 7S, EV 98.8 MPH) Victor Garcia to second
|
|
Batting: RHB Mustafa bin Gamali
|
0-0: Swinging Strike 0-1: Ball 1-1: Swinging Strike 1-2: Strikes out swinging
|
|
Batting: LHB Carlos Palau
|
0-0: Ball 1-0: Ball 2-0: Ground out 4-3 (Groundball, 34, EV 88.1 MPH)
|
| Bottom of the 8th over - 0 runs, 1 hit, 0 errors, 2 left on base; Burlington 4 - Pulaski 0 |
| TOP OF THE 9TH |
|
Burlington Royals batting - Pitching for Pulaski Yankees : RHP Chris Bryant
|
|
Batting: RHB Masakuni Takeuchi
|
0-0: Foul Ball, location: 2F 0-1: Ball 1-1: Called Strike 1-2: Ball 2-2: Foul Ball, location: 2F 2-2: Ball 3-2: SOLO HOME RUN (Flyball, 89XD, EV 102.5 MPH), Distance : 405 ft
|
|
Batting: RHB Jason Conner
|
0-0: Foul Ball, location: 2F 0-1: Ground out 1-3 (Groundball, 15S, EV 70.0 MPH)
|
|
Batting: RHB Dermott Ayliffe
|
0-0: SINGLE (Groundball, 56D, EV 104.4 MPH)
|
|
Batting: SHB Glenn Harrison
|
0-0: Fly out, F8 (Flyball, 8RD, EV 87.5 MPH)
|
|
Batting: RHB David Rubio
|
0-0: Called Strike 0-1: Ball 1-1: Ball 2-1: Called Strike 2-2: Foul Ball, location: 2F 2-2: Strikes out swinging
|
| Top of the 9th over - 1 run, 2 hits, 0 errors, 1 left on base; Burlington 5 - Pulaski 0 |
| BOTTOM OF THE 9TH |
|
Pulaski Yankees batting - Pitching for Burlington Royals : LHP Ken Milhouse
|
|
Batting: LHB Justin Short
|
0-0: Ball 1-0: Ground out 6-3 (Groundball, 6, EV 100.6 MPH)
|
|
Pitching: RHP Joey Ferguson
|
|
|
Batting: RHB Yasuoka Tsuda
|
0-0: Foul Ball, location: 2F 0-1: Ball 1-1: Ball 2-1: Foul Ball, location: 2F 2-2: Ground out 4-3 (Groundball, 4, EV 85.6 MPH)
|
|
Batting: LHB Chris Viehman
|
0-0: Ball 1-0: Ball 2-0: Ball 3-0: Base on Balls
|
|
Batting: SHB Dylan Best
|
0-0: Ball 1-0: Called Strike 1-1: Ball 2-1: Foul Ball, location: 2F 2-2: Fly out, F9 (Flyball, 9, EV 79.4 MPH)
|
| Bottom of the 9th over - 0 runs, 0 hits, 0 errors, 1 left on base; Burlington 5 - Pulaski 0 |
|